 Dungeon Crawl Stone Soup version 0.27.1-34-g3ba077fa99 (webtiles) character file.

Game seed: 16411963438460147492

105 cbfl8 the Covered (level 4, -1/41 HPs)
             Began as a Minotaur Wanderer on Jan 17, 2022.
             Slain by Sigmund (8 damage)
             ... on level 4 of the Dungeon.
             The game lasted 00:06:20 (4229 turns).

cbfl8 the Covered (Minotaur Wanderer)               Turns: 4229, Time: 00:06:20

Health: -1/41      AC:  6    Str: 17    XL:     4   Next: 54%
Magic:  3/3        EV: 10    Int: 10    God:
Gold:   198        SH:  0    Dex:  9    Spells: 3/3 levels left

rFire    . . .     SeeInvis .   k - +2 dagger (vamp)
rCold    . . .     Faith    .   (no shield)
rNeg     . . .     Spirit   .   l - +0 ring mail
rPois    .         Reflect  .   (helmet restricted)
rElec    .         Harm     .   (no cloak)
rCorr    .         Rampage  .   (no gloves)
Will     .....                  (no boots)
Stlth    ..........             (no amulet)
HPRegen  0.13/turn              (no ring)
MPRegen  0.08/turn              (no ring)

@: no status effects
A: horns 2, retaliatory headbutt
a: no special abilities


You were on level 4 of the Dungeon.
You visited 1 branch of the dungeon, and saw 4 of its levels.

You collected 198 gold pieces.

Inventory:

Hand Weapons
 a - a +0 mace
 f - a +0 short sword
 k - a +2 vampiric dagger (weapon)
 m - a +1 short sword of flaming
Missiles
 i - a throwing net
Armour
 d - a +0 robe
 l - a +0 ring mail (worn)
Scrolls
 g - 3 scrolls of identify {unknown}
 h - a scroll of brand weapon {unknown}
 j - a scroll of enchant weapon {unknown}
 n - a scroll of holy word {unknown}
 o - a scroll of noise {unknown}
 p - a scroll of blinking {unknown}
 r - a scroll of vulnerability {unknown}
Potions
 c - a potion of haste {unknown}
 e - a potion of degeneration {unknown}
 q - a potion of might {unknown}
 s - a potion of berserk rage {unknown}
Miscellaneous
 b - a phial of floods (quivered)


   Skills:
 + Level 4.5 Fighting
 + Level 1.6 Short Blades
 + Level 2.9 Maces & Flails
 + Level 4.6 Armour
 + Level 1.3 Dodging
 + Level 0.3 Stealth
 + Level 1.2 Shields
 + Level 1.0 Evocations


You had 3 spell levels left.
You didn't know any spells.
Your spell library contained the following spells:

 Spells                   Type           Power      Damage    Failure   Level
 Ensorcelled Hibernation  Hex/Ice        0%         N/A       69%         2
 Ozocubu's Armour         Ice            0%         N/A       89%         3
 Spider Form              Tmut/Pois      0%         N/A       89%         3
 Stone Arrow              Conj/Erth      0%         3d7       89%         3
 Animate Armour           Summ/Erth      0%         N/A       100%        4
 Metabolic Englaciation   Hex/Ice        0%         N/A       100%        5
 Shadow Creatures         Summ           N/A        N/A       100%        6
 Simulacrum               Ice/Necr       0%         N/A       100%        6
 Lehudib's Crystal Spear  Conj/Erth      0%         10d2      100%        8


Dungeon Overview and Level Annotations

Branches:
Dungeon (4/15)
 Temple: D:4-7

Altars:
Hepliaklqana
Makhleb

Annotations:
D:3 1 runed translucent door, Crazy Yiuf
D:4 Sigmund


Innate Abilities, Weirdness & Mutations

You have a pair of horns on your head.
You reflexively headbutt those who attack you in melee.


Message History

Found a hazy altar of Hepliaklqana.
There is a hazy altar of Hepliaklqana here.
Sigmund the Dreaded comes into view.
He is wielding a +0 scythe.
Found 18 stones.
Sigmund shouts!
Sigmund casts a spell at you.
You are confused.
Found 16 arrows.
Sigmund gestures at you while chanting. You resist with some effort.
There is a hazy altar of Hepliaklqana here.
Sigmund gestures at you while chanting.
You are more confused.
You bump into the rock wall.
You bump into the rock wall.
You bump into the rock wall.
Sigmund closely misses you.
Sigmund points at you and mumbles some strange words.
You are more confused.
You bump into the rock wall.
Sigmund casts a spell.
Sigmund flickers and vanishes!
Deactivating autopickup; reactivate with Ctrl-A.
You're too confused to move!
Something hits you!
You feel less confused.
You hear some strange, mumbled words.
Something tries to affect you, but you resist.
Something hits you but does no damage.
You hit something. Something hits you.
You miss something. You closely miss something. Something hits you!
You miss something.
You hear some strange, mumbled words.
A puff of flame appears from out of thin air!
The puff of flame hits you!
* * * LOW HITPOINT WARNING * * *
Your ring mail prevents you from hitting something.
Unknown command.
You hit something. You headbutt something. Something hits you!
You die...

(..(....####
...@.......# ##
..######.#.# ..
#.._..# .# #.#.###
####.## #...#
#.....#
#####..######.....#
#.....{...........#
#.###.@##<.##.....#
#..#..###.....#
#...#.# ###.###
#.#.#..# #.#
#....#..# #.#
#.#####..# #.# ..#
#^.# #.# #.. # #.#
#. #.#


There were no monsters in sight!

Vanquished Creatures
  4 adders
  A worm (D:3)
  2 dart slugs
  4 ball pythons (D:1)
  6 bats
  7 endoplasms
  4 giant cockroaches
  8 goblins
  6 hobgoblins
  9 kobolds
  A quokka (D:2)
  3 frilled lizards
  3 rats (D:1)
58 creatures vanquished.

Vanquished Creatures (others)
  A fungus (D:3)
  2 plants (D:2)
3 creatures vanquished.

Grand Total: 61 creatures vanquished

Notes
Turn   | Place    | Note
-------+----------+-------------------------------------------
     0 | D:1      | cbfl8 the Minotaur Wanderer began the quest for the Orb.
     0 | D:1      | cbfl8 set off with the following items: a +0 mace, a phial
                  | of floods, a potion of curing, a +0 robe
     0 | D:1      | Reached XP level 1. HP: 19/19 MP: 0/0
   317 | D:1      | Reached XP level 2. HP: 25/27 MP: 1/1
   730 | D:1      | Reached XP level 3. HP: 22/33 MP: 2/2
  1785 | D:2      | Reached skill level 1 in Dodging
  1994 | D:2      | Reached skill level 1 in Short Blades
  1994 | D:2      | Reached XP level 4. HP: 37/41 MP: 3/3
  3213 | D:3      | Found a faded altar of an unknown god.
  3328 | D:3      | Found a burning altar of Makhleb.
  4038 | D:3      | Found a runed translucent door.
  4039 | D:3      | Noticed Crazy Yiuf
  4193 | D:4      | Found a hazy altar of Hepliaklqana.
  4199 | D:4      | Noticed Sigmund
  4229 | D:4      | Slain by Sigmund

Illustrated notes

Levels and vault maps discovered:
D:1:      dpeg_arrival_rhombi, layout_loops_ring
D:2:      layout_loops_ring, serial_forest, infiniplex_forest_lined_3,
          infiniplex_forest_clump_cross, infiniplex_forest_lined_4_way,
          infiniplex_forest_zigzag_1, infiniplex_forest_diagonal,
          dk_noncrumbling_3
D:3:      layout_loops_ring, lemuel_crystal_altar,
          dreamdust_ecumenical_altar_grove, uniq_crazy_yiuf_cottage
D:4:      layout_loops_ring, lemuel_crystal_altar, doesnt_xom_only_xom,
          minmay_temple_entry_poolview, uniq_edmund, uniq_sigmund

Skill      XL: |  1  2  3 |
---------------+----------+-----
Armour         | 4 |  4.6
Fighting       | 4 |  4.5
Dodging        | 1 |  1.3
Short Blades   | 1 |  1.6
Maces & Flails | |  2.9
Stealth        | |  0.3
Shields        | |  1.2
Evocations     | |  1.0

Action                   |  1- 3 |  4- 6 || total
-------------------------+-------+-------++-------
Melee: Mace              |    11 |       ||    11
       Headbutt          |    12 |    10 ||    22
       Short sword       |    78 |     9 ||    87
       Dagger            |       |    53 ||    53
  Use: Potion            |     1 |       ||     1
 Stab: Sleeping          |       |     1 ||     1
Armor: Robe              |    23 |     1 ||    24
       Ring mail         |       |    11 ||    11
Dodge: Dodged            |    70 |    28 ||    98
